 Dungeon Crawl Stone Soup version 0.30-a0-840-ga523dec638 (webtiles) character file.

Game seed: 5113229245789592610

942 jimonade the Magician (level 7, 0/48 HPs)
             Began as a Mummy Necromancer on Mar 1, 2023.
             Slain by a vampire mosquito (4 damage)
             ... on level 5 of the Dungeon.
             The game lasted 00:17:29 (5658 turns).

jimonade the Magician (Mummy Necromancer)           Turns: 5658, Time: 00:17:30

Health: 0/48       AC:  9    Str: 14    XL:     7   Next: 88%
Magic:  18/18      EV: 26    Int: 14    God:
Gold:   268        SH:  0    Dex: 12    Spells: 13/21 levels left

rFire   x . .      SeeInvis .    e - +0 spear
rCold   + + .      Faith    +    (no shield)
rNeg    + + +      Spirit   .    v - +0 troll leather armour
rPois   ∞          Reflect  .    o - +2 helmet
rElec   .          Harm     .    g - +0 cloak
rCorr   .          Rampage  .    u - +0 pair of gloves
Will    .....                    (no boots)
Stlth   +                        y - amulet of the acrobat
HPRegen 1.08/turn                z - ring of protection from cold
MPRegen 0.16/turn                (no ring)

@: about to teleport, acrobatic
A: cold resistance 1, negative energy resistance 3, torment resistance 2, heat
vulnerability 1, in touch with death 1, no potions, faith
a: no special abilities


You were on level 5 of the Dungeon.
You visited 1 branch of the dungeon, and saw 5 of its levels.

You collected 268 gold pieces.

Inventory:

Hand Weapons
 b - a +0 dagger
 e - a +0 spear (weapon)
 t - a +0 whip
Missiles
 c - 5 poisoned darts
Armour
 a - a +0 robe
 f - a +0 scale mail
 g - a +0 cloak (worn)
 n - a +0 animal skin
 o - a +2 helmet (worn)
 u - a +0 pair of gloves (worn)
 v - a +0 troll leather armour (worn)
 w - a +0 chain mail
Jewellery
 y - an amulet of the acrobat (around neck)
 z - a ring of protection from cold (left hand)
Wands
 m - a wand of polymorph (5)
 x - a wand of charming (8)
Scrolls
 d - a scroll of blinking {unknown}
 h - a scroll of fog
 i - a scroll of immolation
 j - 5 scrolls of identify
 k - 5 scrolls of teleportation
 l - a scroll of fear {unknown}
 p - a scroll of vulnerability {unknown}
 q - 3 scrolls of poison {unknown}
 r - a scroll of magic mapping {unknown}
 s - a scroll of noise {unknown}
 A - a scroll of torment {unknown}


   Skills:
 + Level 1.0 Fighting
 + Level 1.1 Polearms
 - Level 2.0 Dodging
 - Level 1.6 Stealth
 * Level 7.7 Spellcasting
 * Level 7.3 Necromancy


You had 13 spell levels left.
You knew the following spells:

 Your Spells              Type           Power      Damage    Failure   Level
a - Necrotise             Necr           100%       1d9       1%          1
b - Vampiric Draining     Necr           38%        2d8       2%          3
c - Animate Dead          Necr           38%        N/A       9%          4

Your spell library contained the following spells:

 Spells                   Type           Power      Damage    Failure   Level
 Slow                     Hex            20%        N/A       17%         1
 Agony                    Necr           38%        N/A       22%         5
 Confusing Touch          Hex            5%         N/A       45%         3
 Portal Projectile        Hex/Tloc       10%        N/A       45%         3
 Tukima's Dance           Hex            5%         N/A       45%         3
 Blade Hands              Tmut           Unusable   N/A       N/A         5

Dungeon Overview and Level Annotations

Branches:
Dungeon (5/15)
 Temple: D:4-7

Altars:
Cheibriados
Makhleb
Uskayaw

Shops:
D:3 =   D:5 (*(

Annotations:
D:4 exclusion: downstairs


Innate Abilities, Weirdness & Mutations

You are immune to poison.
Your flesh is cold resistant. (rC+)
You are immune to negative energy. (rN+++)
You are immune to unholy pain and torment.
You are vulnerable to heat. (rF-)
You are in touch with the powers of death.
You do not drink.
You have a special connection with the divine. (Faith)


Message History

The vampire mosquito closely misses you.
You closely miss the vampire mosquito.
The vampire mosquito is lightly damaged.
The vampire mosquito bites you but does no damage.
The vampire mosquito closely misses you.
You closely miss the vampire mosquito.
The vampire mosquito is lightly damaged.
The vampire mosquito bites you but does no damage.
The vampire mosquito bites you.
You closely miss the vampire mosquito.
The vampire mosquito is lightly damaged.
The vampire mosquito barely misses you. The vampire mosquito bites you!
* * * LOW HITPOINT WARNING * * *
You completely miss the vampire mosquito.
The vampire mosquito is lightly damaged.
The vampire mosquito bites you but does no damage. x2
As you read the scroll labelled XACHEG ZOUNK, it crumbles to dust.
The scroll dissolves into smoke.
It was a scroll of fog.
The vampire mosquito bites you.
* * * LOW HITPOINT WARNING * * *
The vampire mosquito bites you but does no damage.
As you read the scroll labelled LIATORGHEACI, it crumbles to dust.
The creatures around you are filled with an inner flame!
It was a scroll of immolation.
The vampire mosquito closely misses you.
The vampire mosquito bites you.
* * * LOW HITPOINT WARNING * * *
As you read the scroll labelled QYURGH UNIMAUP, it crumbles to dust.
It is a scroll of identify.
k - 6 scrolls of teleportation The vampire mosquito bites you.
* * * LOW HITPOINT WARNING * * *
The vampire mosquito closely misses you.
As you read the scroll of teleportation, it crumbles to dust.
You feel strangely unstable.
The vampire mosquito closely misses you.
The vampire mosquito bites you.
* * * LOW HITPOINT WARNING * * *
The vampire mosquito bites you.
You die...

. #####.. ..##
..#...#.. ..#. ##
.... #.###.# .
.###...###...###.
.#.###.#.....#.#
#...#...#...#)..
#####§§.#.Z.#####...
#.#§§§#§§.#...# #...
#..§@y#.###.#.....#.#
##.§§###...###...###.
##### ##### ##### ##


You could see a vampire mosquito (inner flame).

Vanquished Creatures
  A water moccasin (D:4)
  A black bear (D:4)
  An ogre (D:5)
  A scorpion (D:4)
  A necrophage (D:5)
  An orc priest (D:4)
  3 hounds (D:4)
  A jelly (D:5)
  2 iguanas
  Natasha (D:2)
  Robin (D:2)
  7 gnolls
  7 adders
  A white imp (D:5)
  2 worms
  2 dart slugs
  14 orcs
  6 endoplasms
  A giant cockroach (D:4)
  13 hobgoblins
  9 jackals
  8 kobolds
  4 quokkas
  7 ball pythons
  11 bats
  4 frilled lizards
  20 goblins
  20 rats
150 creatures vanquished.

Vanquished Creatures (collateral kills)
  An adder (D:5)
  An endoplasm (D:3)
  A frilled lizard (D:1)
  5 rats
8 creatures vanquished.

Grand Total: 158 creatures vanquished

Notes
Turn   | Place    | Note
-------+----------+-------------------------------------------
     0 | D:1      | jimonade the Mummy Necromancer began the quest for the Orb.
     0 | D:1      | Reached XP level 1. HP: 13/13 MP: 4/4
   259 | D:1      | Reached XP level 2. HP: 19/19 MP: 3/5
   715 | D:1      | You fall into a shaft and drop 1 floor!
   841 | D:2      | Gained mutation: You are in touch with the powers of death.
                  | [Mummy growth]
   841 | D:2      | Reached XP level 3. HP: 24/24 MP: 5/7
  1300 | D:2      | Noticed Robin
  2071 | D:2      | Reached XP level 4. HP: 30/30 MP: 5/9
  2146 | D:2      | Killed Robin
  2147 | D:2      | Reached skill level 5 in Necromancy
  2602 | D:2      | Learned a level 3 spell: Vampiric Draining
  2843 | D:2      | Noticed Natasha
  2876 | D:2      | Killed Natasha
  2877 | D:2      | Reached XP level 5. HP: 11/35 MP: 5/11
  3180 | D:3      | Reached skill level 5 in Spellcasting
  3417 | D:3      | Found a hide-covered altar of Uskayaw.
  3470 | D:3      | Found Plog's Jewellery Shop.
  4261 | D:4      | Noticed a black bear
  4266 | D:4      | Reached XP level 6. HP: 28/41 MP: 6/14
  4438 | D:3      | Learned a level 4 spell: Animate Dead
  4866 | D:5      | Entered Level 5 of the Dungeon
  4866 | D:5      | Noticed a water moccasin
  4938 | D:4      | Reached XP level 7. HP: 46/47 MP: 9/16
  5115 | D:5      | Noticed a vampire mosquito
  5154 | D:5      | Found a snail-covered altar of Cheibriados.
  5183 | D:5      | Found a burning altar of Makhleb.
  5210 | D:5      | Found Gekug's Weapon Shop.
  5212 | D:5      | Found Ugowalisai's General Store.
  5214 | D:5      | Found Kuil's Antique Weapon Shop.
  5351 | D:5      | Reached skill level 1 in Polearms
  5453 | D:5      | Reached skill level 1 in Fighting
  5658 | D:5      | Slain by a vampire mosquito

Illustrated notes

Levels and vault maps discovered:
D:1:      scummos_arrival_simple_fountains, layout_basic, minmay_pentomino_p2
D:2:      kennysheep_six_static_rooms, layout_basic,
          nicolae_concentric_dashed_squares_wild, minmay_rat_hole, uniq_natasha,
          uniq_robin
D:3:      layout_basic, amcnicky_altar_gilded, serial_shops, shop,
          serial_park_tiny_pond, minmay_between
D:4:      layout_rooms
D:5:      nicolae_cairo_tiling, layout_basic,
          grunt_temple_overflow_order_and_chaos_2, lemuel_crystal_altar,
          nicolae_wooded_promenade, minmay_manual_monstrance

Skill      XL: |  1  2  3  4  5  6  7 |
---------------+----------------------+-----
Spellcasting   | 3 4 5 6 7 |  7.7
Necromancy     | 5 6 7 |  7.3
Dodging        | 2 |  2.0
Polearms       | 1 |  1.1
Fighting       | 1 |  1.0
Stealth        | |  1.6

Action                     |  1- 3 |  4- 6 |  7- 9 || total
---------------------------+-------+-------+-------++-------
  Melee: Dagger            |     1 |       |       ||     1
         Spear             |    11 |    52 |    77 ||   140
         Punch             |       |     1 |       ||     1
   Cast: Necrotise         |    77 |   145 |    29 ||   251
         Vampiric Draining |       |       |     5 ||     5
    Use: Scroll            |       |       |     4 ||     4
   Stab: Distracted        |     1 |     1 |       ||     2
         Sleeping          |       |     1 |       ||     1
 Armour: Robe              |    28 |       |       ||    28
         Animal skin       |       |    17 |       ||    17
         Troll leather arm |       |    25 |    43 ||    68
  Dodge: Dodged            |    44 |    77 |    68 ||   189

Table legend: (Time is in decaauts)
 A = Elapsed time spent in this place.
 B = Non-inter-level travel time spent in this place.
 C = Inter-level travel time spent in this place.
 D = Time resting spent in this place.
 E = Time spent auto-exploring this place.
 F = Levels seen in this place.
 G = Mean time per level.
                   A        B        C        D        E       F      G
               +--------+--------+--------+--------+--------+-----+--------+
         Total |   5677 |   5468 |    209 |    357 |   3551 |   5 | 1135.4 |
       Dungeon |   5677 |   5468 |    209 |    357 |   3551 |   5 | 1135.4 |
               +--------+--------+--------+--------+--------+-----+--------+

Top non-repeatable levels by time:
     D:2: 1935 daAuts
     D:1: 1210 daAuts
     D:3: 1168 daAuts
     D:4: 829 daAuts
     D:5: 533 daAuts
